 Dungeon Crawl Stone Soup version 0.21.1-1-g345015f (webtiles) character file.

75 letownia2 the Poker (level 4, -2/33 HPs)
             Began as a Merfolk Skald on Mar 12, 2018.
             Was an Initiate of Cheibriados.
             Slain by an adder (3 damage)
             ... on level 5 of the Dungeon.
             The game lasted 00:02:54 (481 turns).

letownia2 the Poker (Merfolk Skald)                  Turns: 481, Time: 00:02:55

Health: -2/33      AC:  3    Str: 12    XL:     4   Next: 31%
Magic:  4/7        EV: 12    Int: 14    God:    Cheibriados [......]
Gold:   47         SH:  0    Dex: 14    Spells: 1/7 levels left

rFire    . . .     SeeInvis .   a - +0 spear
rCold    . . .     Gourm    .   (no shield)
rNeg     . . .     Faith    .   b - +0 leather armour
rPois    .         Spirit   .   (no helmet)
rElec    .         Reflect  .   (no cloak)
rCorr    .         Harm     .   (no gloves)
MR       .....                  (no boots)
Stlth    +.........             (no amulet)
HPRegen  0.11/turn              (no ring)
MPRegen  0.10/turn              (no ring)

@: very slow
A: change form in water, swift swim, stealthy swim
a: Bend Time, Renounce Religion


You were on level 5 of the Dungeon.
You worshipped Cheibriados.
Cheibriados was noncommittal.
You were not hungry.

You visited 2 branches of the dungeon, and saw 6 of its levels.

You collected 47 gold pieces.

Inventory:

Hand Weapons
 a - a +0 spear (weapon)
Armour
 b - a +0 leather armour (worn)
Scrolls
 e - a scroll of enchant armour
 f - a scroll of identify
Books
 c - a book of Battle

   Spells                             Type                      Level
   a - Infusion                       Charms                       1
   b - Shroud of Golubria             Charms/Translocation         2
   c - Song of Slaying                Charms                       2
   d - Spectral Weapon                Hexes/Charms                 3
   e - Regeneration                   Charms/Necromancy            3
Comestibles
 d - 2 rations


   Skills:
 - Level 2.1 Fighting
 * Level 4.2 Polearms
 - Level 0.6 Armour
 - Level 2.6 Dodging
 - Level 2.0 Spellcasting
 - Level 1.7 Hexes
 + Level 3.2 Charms
 - Level 1.9 Translocations


You had one spell level left.
You knew the following spells:

 Your Spells              Type           Power        Failure   Level  Hunger
a - Infusion              Chrm           ##..         8%          1    ##.....
t - Shroud of Golubria    Chrm/Tloc      #.........   16%         2    ###....
x - Spectral Weapon       Hex/Chrm       #.......     32%         3    ####...


Dungeon Overview and Level Annotations

Branches:
Dungeon (5/15)             Temple (1/1) D:5

Altars:
Cheibriados
Dithmenos
Elyvilon
Fedhas
Hepliaklqana
Makhleb
Nemelex Xobeh
Okawaru
Ru
Sif Muna
Wu Jian
Xom


Message History

The howler monkey hoots and howls with incredible vigour!
You hear a shout! x3; You hear an angry hiss.
You hear a shout!
The howler monkey misses you. The howler monkey barely misses you.
The howler monkey hits you. The howler monkey hits you.
* * * LOW HITPOINT WARNING * * *
An adder comes into view.
The adder hisses angrily.
The howler monkey hoots and howls with incredible vigour!
You hear a shout! x3
You miss the adder. The adder barely misses you. The howler monkey hits you.
* * * LOW HITPOINT WARNING * * *
Unknown command.
You aren't carrying any potions.
As you read the scroll labeled ATOTOA QEPPES, it crumbles to dust.
It is a scroll of identify.
e - a scroll of enchant armour The adder bites you.
You die...

#####......# ...#<#
#.#.###.## #....>..... #.
#.#.##..### #.# ##.#.# .#
#. #.. #.###....# .# #
.##.Z #.##S###.##..# #.
.#.< #...@# #.....# ..#Z..
#.##h###.##.
#.#..###.###...## #
.......Z.....####.###
#.#.###.............#
#........####.###.#.
###.###.###...#############
... #...........†........
#### #.#..>..#...#...#...#


You could see a howler monkey and an adder.

Vanquished Creatures
  2 hounds
  2 leopard geckos
  A giant cockroach (D:2)
  3 goblins
  A hobgoblin (D:1)
  2 quokkas
  3 frilled lizards
  A kobold (D:3)
  A leopard gecko skeleton (D:5)
  A rat (D:2)
17 creatures vanquished.

Notes
Turn   | Place    | Note
-------+----------+-------------------------------------------
     0 | D:1      | letownia2 the Merfolk Skald began the quest for the Orb.
     0 | D:1      | Reached XP level 1. HP: 16/16 MP: 3/3
   165 | D:1      | Reached skill level 4 in Polearms
   165 | D:1      | Reached XP level 2. HP: 20/22 MP: 5/5
   211 | D:2      | Learned a level 2 spell: Shroud of Golubria
   287 | D:5      | Entered Level 5 of the Dungeon
   319 | D:5      | Found a staircase to the Ecumenical Temple.
   326 | Temple   | Entered the Ecumenical Temple
   369 | Temple   | Reached skill level 1 in Translocations
   369 | Temple   | Reached XP level 3. HP: 12/27 MP: 1/6
   374 | Temple   | Learned a level 3 spell: Spectral Weapon
   388 | Temple   | Became a worshipper of Cheibriados the Contemplative
   435 | D:5      | Found a shimmering altar of Xom.
   453 | D:5      | Reached skill level 1 in Hexes
   453 | D:5      | Reached XP level 4. HP: 9/33 MP: 0/7
   480 | D:5      | HP: 1/33 [howler monkey (6)]
   481 | D:5      | Slain by an adder

Skill      XL: |  1  2  3 |
---------------+----------+-----
Polearms       | 4 |  4.2
Translocations | 1 |  1.9
Hexes          | 1 |  1.7
Fighting       | |  2.1
Armour         | |  0.6
Dodging        | |  2.6
Spellcasting   | |  2.0
Charms         | |  3.2

Action                   |  1- 3 |  4- 6 || total
-------------------------+-------+-------++-------
Melee: Spear             |    90 |     1 ||    91
       Tailslap          |     2 |       ||     2
 Cast: Infusion          |     3 |       ||     3
       Shroud of Golubri |     3 |       ||     3
  Use: Scroll            |       |     1 ||     1
 Stab: Sleeping          |     2 |       ||     2
Armor: Leather armour    |    17 |       ||    17
Dodge: Dodged            |    43 |     3 ||    46
